 Dungeon Crawl Stone Soup version 0.18-a0-1225-g5d63bca (webtiles) character file.

310693 JustSomeDude the Grim Reaper (level 20, -2/160 HPs)
             Began as a Demonspawn Fighter on Feb 2, 2016.
             Was the Champion of Yredelemnul.
             Slain by an azure jelly (11 damage)
             ... created by the Royal Jelly
             ... on level 6 of the Pits of Slime on Feb 3, 2016.
             The game lasted 03:57:23 (34414 turns).

JustSomeDude the Grim Reaper (Demonspawn Fighter)  Turns: 34414, Time: 03:57:24

Health: -2/160     AC:  8    Str: 28    XL:     20   Next: 40%
Magic:  3/32       EV: 18    Int: 14    God:    Yredelemnul [******]
Gold:   3339       SH: 25    Dex: 20    Spells: 0 memorised, 22 levels left

rFire  + . .     SeeInvis .     n - +6 demon trident (venom)
rCold  + + .     Gourm    .     S - +0 plate armour of the Falcon {Str+4 Int+3}
rNeg   . . .     Faith    .     g - +3 large shield
rPois  +         Spirit   .     (helmet restricted)
rElec  +         Dismiss  .     P - +1 cloak {+Inv}
rCorr  +         Reflect  .     A - +0 pair of gloves {rC+}
SustAt .         Harm     .     (boots unavailable)
MR     ++...     Rnd*Rage +     (no amulet)
Stlth  ..........               i - ring of poison resistance
                                N - ring of resist corrosion

@: agile, resistant, corroded equipment, very resistant to hostile enchantments,
extremely unstealthy
A: antennae 1, talons 3, berserk 1, blurry vision 1, demonic guardian 3, magic
resistance 1, mutation resistance 1, powered by death 2, strong 1, augmentation
1, sturdy frame 2
a: Recall Undead Slaves, Injury Mirror, Animate Dead, Drain Life, Enslave Soul,
Renounce Religion, Evoke Invisibility
}: 2/15 runes: decaying, serpentine


You were on level 6 of the Pits of Slime.
You worshipped Yredelemnul.
Yredelemnul was exalted by your worship.
You were not hungry.

You visited 9 branches of the dungeon, and saw 43 of its levels.
You visited 1 bazaar.
You also visited: Labyrinth, Ice Cave and Wizlab.

You collected 3869 gold pieces.
You spent 490 gold pieces at shops.

Inventory:

Hand Weapons
 n - a +6 demon trident of venom (weapon)
 C - the +9 Sword of Zonguldrok {reap, *Curse}
   (You found it in a wizard's laboratory)

   If a monster killed with it leaves a corpse in good enough shape, the corpse
   will be animated as a zombie friendly to the killer.
   It may re-curse itself when equipped.
Armour
 g - a +3 large shield (worn)
 A - a +0 pair of gloves of cold resistance (worn)
 P - a +1 cloak of invisibility (worn)
 S - the +0 plate armour of the Falcon (worn) {Str+4 Int+3}
   (You found it in a labyrinth)

   It affects your strength (+4).
   It affects your intelligence (+3).
Jewellery
 d - the ring of the Jolly Tales {SustAt rElec rF+}
   (You found it in a labyrinth)

   [ring of sustain attributes]

   It sustains your strength, intelligence and dexterity.
   It protects you from fire.
   It insulates you from electricity.
 i - a ring of poison resistance (right hand)
 N - a ring of resist corrosion (left hand)
 Y - a +4 ring of strength
Wands
 u - a wand of flame (23/48)
 y - a wand of paralysis (7/24)
 B - a wand of acid (10/15)
 D - a wand of digging (10/24)
 H - a wand of slowing (17/48)
 M - a wand of teleportation (6/9)
 Q - a wand of disintegration (10/24)
 U - a wand of enslavement (7/24)
 V - a wand of iceblast (7/15)
Scrolls
 a - a scroll of summoning
 e - 10 scrolls of remove curse
 h - 10 scrolls of identify
 j - 8 scrolls of recharging
 m - 3 scrolls of enchant armour
 o - 3 scrolls of immolation
 q - 5 scrolls of teleportation
 T - 4 scrolls of magic mapping
 Z - 3 scrolls of fear
Potions
 b - 3 potions of berserk rage
 c - a potion of might
 k - 4 potions of curing
 l - 2 potions of brilliance
 p - a potion of cure mutation
 t - 3 potions of haste
 v - 3 potions of agility
 G - 4 potions of flight
 J - 5 potions of mutation
 L - 2 potions of cancellation
 O - a potion of invisibility
 R - 2 potions of lignification
Miscellaneous
 z - a plain deck of changes {drawn: 1}
 I - a plain deck of defence {drawn: 2}
 K - a plain deck of wonders {drawn: 1}
 W - a legendary deck of defence {the Shaft}
 X - a fan of gales (inert)
Comestibles
 f - 20 bread rations
 r - 20 royal jellies
 s - 11 meat rations
 E - 5 beef jerkies


   Skills:
 + Level 14.7 Fighting
 * Level 11.1 Long Blades
   Level 0.6 Maces & Flails
 - Level 11.1 Polearms
 + Level 1.6 Throwing
 + Level 13.8 Armour
 + Level 8.6 Dodging
 + Level 6.6 Stealth
 + Level 14.6 Shields
 + Level 1.7 Unarmed Combat
 + Level 1.5 Spellcasting
 + Level 17.2 Invocations
 + Level 3.3 Evocations


You had 22 spell levels left.
You didn't know any spells.

Dungeon Overview and Level Annotations

Branches:
Dungeon (14/15)            Temple (1/1) D:4            Lair (8/8) D:9
  Swamp (4/4) Lair:5        Snake (4/4) Lair:3        Slime (6/6) Lair:8
    Orc (2/2) D:10            Elf (3/3) Orc:2        Vaults (1/5) D:14

Altars:
Ashenzari
Cheibriados
Dithmenos
Elyvilon
Fedhas
Gozag
Kikubaaqudgha
Makhleb
Nemelex Xobeh
Okawaru
Pakellas
Qazlal
Ru
Sif Muna
Trog
Vehumet
Xom
Yredelemnul
Zin
The Shining One
Beogh

Shops:
D:7 (%((   Orc:2 =:   Elf:1 %   Elf:3 %   Vaults:1 =


Innate Abilities, Weirdness & Mutations

You have claws for feet.
A powerful demonic guardian rushes to your aid.
You regenerate health from kills.
Your magical and physical power is slightly enhanced at high health.
Your movements are less encumbered by armour (ER -4).
You have a pair of small antennae on your head.
You tend to lose your temper in combat.
Scrolls take you a little longer to read.
You are resistant to hostile enchantments.
You are somewhat resistant to further mutation.
Your muscles are strong. (Str +2)


Message History

The death ooze closely misses you. You block the death ooze's attack.
The acid blob hits you!!!
* * * LOW HITPOINT WARNING * * *
You are splashed with acid!
The acid burns!
You resist.
* * * LOW HITPOINT WARNING * * *
The azure jelly hits you but does no damage.
You block the azure jelly's attack.
The azure jelly hits you but does no damage.
You block the azure jelly's attack. x2; The azure jelly misses you.
The azure jelly closely misses you. The azure jelly barely misses you.
The acid blob hits you!
* * * LOW HITPOINT WARNING * * *
You are splashed with acid!
The acid burns!
You resist.
* * * LOW HITPOINT WARNING * * *
The azure jelly hits you but does no damage.
The azure jelly hits you.
* * * LOW HITPOINT WARNING * * *
The azure jelly freezes you! You resist.
You die...
Your body rises from the dead as a mindless zombie.

#.......................
#.......................
####..<....................
.#.........................
...........................
...........................
................J.v........
...............JJJ2........
................@JJ†.......
..............####J#####...
.............##}##GJ##/##..
............##[$[##G#?[) #.
...........##[)?##..##$:
..........##$)!"!#.##$=φ
..........##()}?##..##(|
..........###)(#=##.#}#?
.........


You could see an acid blob, 4 azure jellies, a slime creature, an eye of
devastation, 2 death oozes, an eye of draining, a friendly reaper and a friendly
fire vortex.

Vanquished Creatures
  the Royal Jelly (Slime:6)
  An ancient lich (WizLab)
  the Lernaean hydra (Swamp:4)
  2 acid blobs
  Frances (Snake:3)
  An ancient champion (WizLab)
  5 azure jellies (Slime:6)
  Aizul (Snake:2)
  5 greater nagas
  A vault warden (Vaults:1)
  An ironheart preserver (Vaults:1)
  A salamander stormcaller (D:14)
  A great orb of eyes (Slime:6)
  A deep elf death mage (Elf:2)
  An ettin (D:13)
  Snorg (Lair:5)
  A minotaur (Lab)
  A death ooze (Slime:6)
  5 vault guards
  Fannar (D:12)
  An ice dragon (Lair:8)
  14 hydras
  A yaktaur captain (Vaults:1)
  A ghost crab (Swamp:4)
  3 centaur warriors
  9 anacondas
  9 naga warriors
  2 death yaks (Lair:8)
  An ogre mage (Vaults:1)
  16 dancing weapons
  An alligator (Swamp:4)
  7 naga sharpshooters
  5 shock serpents (Snake:4)
  A salamander mystic (Snake:4)
  10 deep elf knights (Elf:2)
  A fire crab (Vaults:1)
  6 skeletal warriors (WizLab)
  A shadow wraith (Vaults:1)
  3 deep elf archers
  2 naga ritualists (Snake:4)
  3 unseen horrors
  A shambling mangrove (Swamp:1)
  11 orc knights
  2 hill giants
  2 lindwurms (Snake:4)
  5 ironbrand convokers (Vaults:1)
  2 salamanders
  3 griffons
  2 manticores
  An oklob plant (Lair:8)
  17 mana vipers
  A hornet (shapeshifter) (Vaults:1)
  33 deep elf magi
  A hornet (Swamp:1)
  A wolf spider (D:13)
  6 ugly things
  4 cyclopes
  A shining eye (Slime:1)
  The ghost of Mygna the Magician, a novice DsIE of Vehumet (D:6)
  2 elephants (Lair:5)
  7 naga magi
  An ice statue (IceCv)
  5 guardian serpents
  3 torpor snails
  A centaur zombie (D:14)
  A gargoyle (D:11)
  2 vault sentinels (Vaults:1)
  13 black mambas
  11 spiny frogs
  4 kobold demonologists
  5 komodo dragons
  7 ice devils (IceCv)
  4 yaktaurs
  A fire drake (shapeshifter) (Elf:2)
  A freezing wraith (D:14)
  A two-headed ogre (D:9)
  6 trolls
  4 polar bears (Lair:8)
  A queen bee (Lair:7)
  A wolf spider simulacrum (D:13)
  5 giant leeches
  9 slime creatures
  10 blink frogs
  The ghost of Uberwunderbarhen the Ducker, an amateur OpTm (D:4)
  4 bog bodies
  2 vampires (WizLab)
  2 water elementals
  5 wyverns
  5 hill giant zombies (WizLab)
  A wraith (D:13)
  A basilisk (shapeshifter) (D:13)
  18 yaks
  2 fire elementals (Elf:2)
  A human (D:3)
  5 hippogriffs
  10 vampire mosquitoes
  8 wolves
  10 wargs
  6 swamp worms
  26 nagas
  5 mottled dragons
  8 porcupines
  Duvessa (D:4)
  10 ice beasts
  A phantom (D:6)
  14 water moccasins
  46 orc warriors
  4 swamp drakes
  5 wasps
  2 eyes of draining
  2 sky beasts
  9 black bears
  A necrophage (D:6)
  11 ogres
  5 centaurs
  6 crocodiles
  5 electric eels
  3 big kobolds
  13 giant frogs
  5 earth elementals
  A wyvern skeleton (D:12)
  4 scorpions
  8 troll zombies (WizLab)
  15 killer bees
  11 wights
  5 crimson imps
  2 giant frog zombies (D:13)
  11 orc wizards
  2 gnoll shamans
  21 orc priests
  8 hounds
  3 jellies
  2 centaur skeletons
  A giant frog skeleton (D:5)
  8 iguanas
  11 worker ants
  14 sheep
  5 ogre zombies (WizLab)
  A hound zombie (D:11)
  Robin (D:4)
  16 gnolls
  5 adders
  37 river rats
  A shadow imp (D:5)
  7 white imps (IceCv)
  4 ufetubi (IceCv)
  7 oozes
  2 adder skeletons
  13 worms
  7 giant geckos
  79 orcs
  A ball python (D:2)
  7 giant cockroaches
  20 goblins
  8 hobgoblins
  20 jackals
  5 quokkas
  4 bats
  8 giant newts
  2 jackal skeletons
  20 kobolds
  A kobold skeleton (D:3)
  8 rats
  A briar patch (Swamp:4)
  A crawling corpse (Elf:2)
  2 fungi
  A plant (Lair:8)
1013 creatures vanquished.

Vanquished Creatures (collateral kills)
  Nikola (Snake:2)
  10 acid blobs
  A thorn hunter (Swamp:4)
  11 azure jellies
  2 greater nagas (Snake:4)
  A deep elf sorcerer (Elf:2)
  Louise (Elf:2)
  A vault warden (Vaults:1)
  2 ironheart preservers (Vaults:1)
  A stone giant (Orc:2)
  Nessos (Lair:5)
  A deep elf annihilator (Elf:2)
  2 death oozes
  6 vault guards
  A deep elf death mage (Elf:1)
  A great orb of eyes (D:14)
  6 hydras
  2 ghost crabs (Swamp:4)
  2 centaur warriors
  Erolcha (D:12)
  A catoblepas (Lair:8)
  8 naga warriors
  Erica (Orc:1)
  An ogre mage (Vaults:1)
  10 dancing weapons (Elf:2)
  2 anacondas
  A large abomination (Elf:2)
  2 alligators
  2 death yaks (Lair:8)
  A tengu warrior (D:14)
  5 naga sharpshooters
  A shock serpent (Snake:3)
  2 deep elf knights (Elf:2)
  4 salamander mystics
  A giant orange brain (Slime:2)
  A deep troll (Vaults:1)
  7 swamp dragons
  3 naga ritualists
  A shambling mangrove (Swamp:2)
  4 lindwurms
  4 deep elf archers
  5 hill giants
  2 orc knights
  5 mana vipers
  12 ugly things
  3 oklob plants
  9 deep elf magi
  6 hornets
  5 salamanders
  2 cyclopes (Vaults:1)
  3 griffons
  2 shining eyes
  6 naga magi
  An elephant (Lair:5)
  7 black mambas
  4 guardian serpents
  2 vault sentinels (Vaults:1)
  2 eyes of devastation
  An ice statue (IceCv)
  2 centaur skeletons
  A gargoyle (D:10)
  3 torpor snails (Lair:8)
  6 spiny frogs
  A yaktaur (D:14)
  5 komodo dragons
  3 ice devils (IceCv)
  4 polar bears (Lair:8)
  7 giant leeches
  2 two-headed ogres
  A raiju (Lair:8)
  A boulder beetle (Lair:8)
  4 blink frogs
  4 bog bodies
  45 slime creatures
  A centaur simulacrum (D:14)
  An air elemental (Elf:2)
  3 spriggans
  A wyvern (Lair:8)
  A basilisk (D:12)
  A steam dragon (Lair:8)
  18 yaks
  2 hippogriffs
  5 golden eyes (Slime:2)
  10 vampire mosquitoes
  13 swamp worms
  14 wolves
  6 wargs
  18 nagas
  5 water moccasins
  5 hell hounds (Lair:8)
  A porcupine (Lair:7)
  7 swamp drakes
  8 black bears
  4 orc warriors
  6 wasps
  6 ogres
  2 eyes of draining
  A centaur (D:11)
  4 crocodiles
  5 big kobolds
  6 giant frogs
  Dowan (D:4)
  A scorpion (D:10)
  16 killer bees (Lair:7)
  A quasit (D:10)
  9 jellies
  6 hounds (Lair:8)
  3 orc priests
  2 orc wizards
  A worker ant (D:9)
  2 iguanas
  10 sheep
  A naga zombie (Snake:4)
  A gnoll (Orc:2)
  14 river rats
  6 worms (Lair:8)
  A giant gecko (D:10)
  14 orcs
  5 jackals
  6 kobolds
  2 briar patches (Swamp:4)
  A bush (Lair:6)
  2 crawling corpses (Elf:2)
  38 fungi
  19 plants
598 creatures vanquished.

Vanquished Creatures (others)
  2 profane servitors
  2 bone dragons
  A spectral human (Snake:3)
  3 ghouls (Slime:6)
  3 vampire knights
  A hydra (Swamp:4)
  A deep troll earth mage (D:13)
  8 skeletal warriors
  2 anaconda zombies
  4 flayed ghosts
  A deep elf archer (Elf:2)
  5 phantasmal warriors
  An ugly thing zombie (Swamp:3)
  A spectral ogre (Vaults:1)
  A hydra zombie (Swamp:4)
  A spectral elf (Elf:2)
  A hornet zombie (Swamp:1)
  An alligator zombie (Swamp:4)
  6 black mamba zombies
  3 flying skulls (Elf:2)
  A water elemental (Elf:2)
  4 vampires
  A wraith (Elf:2)
  2 spectral nagas (Snake:4)
  4 elf skeletons (Elf:2)
  A spiny frog zombie (Swamp:1)
  A salamander zombie (Snake:4)
  A swamp drake (Swamp:4)
  4 elf zombies (Elf:2)
  A ghost crab zombie (Swamp:4)
  A lindwurm zombie (Snake:4)
  2 vampire mosquito zombies (Swamp:1)
  A wyvern zombie (D:14)
  2 water moccasin zombies
  A warg zombie (Lair:8)
  A boulder beetle zombie (Lair:8)
  4 wights
  A wasp zombie (Lair:8)
  2 giant frog zombies (Lair:4)
  A black bear zombie (Lair:8)
  15 naga zombies
  An ogre zombie (Orc:2)
  A hound zombie (Lair:8)
  A mummy (Slime:1)
  2 swamp drake zombies (Swamp:4)
  6 ufetubi (IceCv)
  An iguana zombie (Lair:1)
  7 river rat zombies
  A jackal zombie (Lair:8)
  8 orc zombies
  A fire vortex (Slime:6)
  3 fungi
  22 plants
153 creatures vanquished.

Grand Total: 1764 creatures vanquished

Notes
Turn   | Place    | Note
--------------------------------------------------------------
     0 | D:1      | JustSomeDude the Demonspawn Fighter began the quest for the Orb.
     0 | D:1      | Reached XP level 1. HP: 18/18 MP: 1/1
     1 | D:1      | Found a runed door.
   229 | D:1      | Gained mutation: You have sharp toenails. [demonic ancestry]
   229 | D:1      | Reached XP level 2. HP: 24/24 MP: 2/2
   303 | D:1      | Reached XP level 3. HP: 25/29 MP: 3/3
   784 | D:2      | Reached XP level 4. HP: 28/37 MP: 4/4
   978 | D:2      | Found a shadowy altar of Dithmenos.
  2178 | D:3      | Found a shattered altar of Ashenzari.
  2238 | D:3      | Reached skill level 4 in Fighting
  2238 | D:3      | Gained mutation: Your movements are slightly less encumbered by armour (ER -2). [demonic ancestry]
  2238 | D:3      | Reached XP level 5. HP: 42/42 MP: 5/5
  2285 | D:3      | Reached skill level 1 in Dodging
  2469 | D:3      | Found a runed door.
  2469 | D:3      | Noticed a human
  2472 | D:3      | Found a basalt altar of Yredelemnul.
  2611 | D:3      | Killed a human
  2611 | D:3      | Gained mutation: A weak demonic guardian rushes to your aid. [demonic ancestry]
  2611 | D:3      | Reached XP level 6. HP: 18/49 MP: 6/6
  2817 | D:3      | Became a worshipper of Yredelemnul the Dark
  2834 | D:4      | Noticed Uberwunderbarhen's ghost (amateur OpTm)
  2853 | D:4      | Found a sand-covered staircase.
  2971 | D:4      | Noticed Robin
  3005 | D:4      | Killed Robin
  3056 | D:4      | Killed Uberwunderbarhen's ghost
  3056 | D:4      | Reached XP level 7. HP: 26/55 MP: 7/7
  3246 | D:4      | Found a staircase to the Ecumenical Temple.
  3271 | D:4      | Noticed Dowan
  3272 | D:4      | Noticed Duvessa
  3279 | D:4      | Killed Dowan
  3287 | D:4      | Killed Duvessa
  3329 | D:4      | Found an ancient bone altar of Kikubaaqudgha.
  3331 | D:4      | Found a radiant altar of Vehumet.
  3331 | D:4      | Found a deep blue altar of Sif Muna.
  3336 | D:4      | Identified Kikubaaqudgha's Tome of Evil Rites
  3343 | D:4      | Identified Vehumet's Catalogue of Combat Magic
  3474 | D:4      | Identified Sif Muna's Reference Book on Protection
  3558 | D:4      | Reached * piety under Yredelemnul
  3681 | D:4      | Reached skill level 5 in Fighting
  3770 | D:4      | Found an ancient bone altar of Kikubaaqudgha.
  3873 | D:5      | Entered Level 5 of the Dungeon
  3900 | D:5      | Noticed a hippogriff
  3906 | D:5      | Killed a hippogriff
  4036 | D:5      | Reached skill level 5 in Armour
  4081 | D:5      | Gained mutation: You have razor-sharp toenails. [demonic ancestry]
  4081 | D:5      | Reached XP level 8. HP: 55/62 MP: 8/8
  4382 | D:5      | Found a sacrificial altar of Ru.
  4867 | D:6      | Found an oddly glowing altar of Pakellas.
  4940 | D:6      | Reached skill level 5 in Shields
  5399 | D:6      | Noticed Mygna's ghost (novice DsIE)
  5435 | D:6      | Killed Mygna's ghost
  5435 | D:6      | Reached skill level 5 in Polearms
  5435 | D:6      | Reached skill level 6 in Armour
  5435 | D:6      | Gained mutation: You regenerate a little health from kills. [demonic ancestry]
  5435 | D:6      | Reached XP level 9. HP: 37/69 MP: 9/9
  5704 | D:6      | Reached ** piety under Yredelemnul
  5765 | D:7      | Found Plog's Food Shop.
  5799 | D:7      | Found Feetutaa's Antique Weapon Emporium.
  5866 | D:7      | Found a burning altar of Makhleb.
  5866 | D:7      | Noticed a blizzard demon
  5869 | D:7      | Noticed a smoke demon
  5955 | D:7      | Found Wathrucs's Antique Weapon Boutique.
  6029 | D:7      | Found Datal's Weapon Boutique.
  6405 | D:7      | Found an opulent altar of Gozag.
  6689 | D:8      | Reached skill level 5 in Dodging
  6710 | D:8      | Found a snail-covered altar of Cheibriados.
  6716 | D:8      | Found a bloodstained altar of Trog.
  6717 | D:8      | Found a shadowy altar of Dithmenos.
  6721 | D:8      | Found an oddly glowing altar of Pakellas.
  6981 | Temple   | Entered the Ecumenical Temple
  7336 | D:8      | Reached skill level 7 in Armour
  7827 | D:8      | Found a glowing golden altar of the Shining One.
  7893 | D:9      | Gained mutation: A demonic guardian rushes to your aid. [demonic ancestry]
  7893 | D:9      | Reached XP level 10. HP: 65/79 MP: 10/10
  7997 | D:9      | Reached skill level 1 in Stealth
  8040 | D:9      | Reached *** piety under Yredelemnul
  8054 | D:9      | Got a bone flail
  8055 | D:9      | Identified the +8 flail of Rotation {speed, *Drain Fragile +Fly Str+6} (You found it on level 9 of the Dungeon)
  8133 | D:9      | Found a staircase to the Lair.
  8206 | D:9      | Found a shimmering altar of Xom.
  8220 | D:9      | Received a gift from Yredelemnul
  8300 | D:9      | Gained mutation: You are somewhat resistant to further mutation. [potion of mutation]
  8301 | D:9      | Gained mutation: Your muscles are strong. (Str +2) [potion of mutation]
  8301 | D:9      | Gained mutation: You tend to lose your temper in combat. [potion of mutation]
  8492 | D:9      | Reached skill level 1 in Invocations
  8749 | D:10     | Entered Level 10 of the Dungeon
  8751 | D:10     | Noticed a gargoyle
  8759 | D:10     | Killed a gargoyle
  8800 | D:10     | Noticed a hill giant
  8805 | D:10     | Killed a hill giant
  8810 | D:10     | Noticed a hill giant
  8816 | D:10     | Killed a hill giant
  9039 | D:10     | Found a staircase to the Orcish Mines.
  9208 | D:10     | Noticed a hill giant
  9216 | D:10     | Killed a hill giant
  9484 | D:11     | Noticed a cyclops
  9485 | D:11     | Reached skill level 8 in Armour
  9490 | D:11     | Killed a cyclops
  9506 | D:11     | Gained mutation: A powerful demonic guardian rushes to your aid. [demonic ancestry]
  9506 | D:11     | Reached XP level 11. HP: 86/86 MP: 14/14
  9676 | D:11     | Reached skill level 5 in Invocations
  9703 | D:11     | Reached **** piety under Yredelemnul
  9841 | D:11     | Noticed a red ugly thing
  9854 | D:11     | Killed a red ugly thing
 10216 | D:11     | Noticed a hill giant
 10221 | D:11     | Killed a hill giant
 10337 | D:12     | Noticed Erolcha
 10340 | D:12     | Killed Erolcha
 10352 | D:12     | Noticed a hill giant
 10359 | D:12     | Killed a hill giant
 10389 | D:12     | Noticed a red ugly thing
 10389 | D:12     | Noticed Fannar
 10396 | D:12     | Killed a red ugly thing
 10403 | D:12     | Killed Fannar
 10421 | D:12     | Found a labyrinth entrance.
 10434 | Lab      | Entered a labyrinth
 10501 | Lab      | Noticed a minotaur
 10506 | Lab      | Killed a minotaur
 10573 | Lab      | Got a glittering amber ring
 10573 | Lab      | Identified the Disquisition on Supportive Translocation (You found it in a labyrinth)
 10574 | Lab      | Got a shimmering flail
 10574 | Lab      | Got a scorched plate armour
 10586 | Lab      | Identified the cursed +0 plate armour of the Falcon {Str+4 Int+3} (You found it in a labyrinth)
 10590 | Lab      | Identified the ring of the Jolly Tales {SustAt rElec rF+} (You found it in a labyrinth)
 10618 | D:12     | Identified the +7 flail of the Traitor {crush, Dex+3} (You found it in a labyrinth)
 10642 | D:12     | Killed an unseen horror
 10892 | D:12     | Found an opulent altar of Gozag.
 11224 | D:12     | Noticed a hill giant
 11229 | D:12     | Killed a hill giant
 11400 | D:12     | Killed an unseen horror
 11691 | D:13     | Noticed a centaur warrior
 11717 | D:13     | Killed a centaur warrior
 11763 | D:13     | Reached XP level 12. HP: 89/94 MP: 17/17
 11850 | D:13     | Noticed a centaur warrior
 11859 | D:13     | Killed a centaur warrior
 11908 | D:13     | Reached skill level 9 in Armour
 12006 | D:13     | Noticed an ettin
 12006 | D:13     | Noticed a deep troll earth mage
 12016 | D:13     | Killed a deep troll earth mage
 12018 | D:13     | Killed an ettin
 12069 | D:13     | Noticed a four-headed hydra
 12075 | D:13     | Killed a four-headed hydra
 12100 | D:13     | Found a glowing golden altar of the Shining One.
 12273 | D:13     | Found a frozen archway.
 12337 | IceCv    | Entered an ice cave
 13699 | D:13     | Reached skill level 10 in Invocations
 13814 | D:13     | Received a gift from Yredelemnul
 13997 | D:14     | Noticed a vault guard
 13998 | D:14     | Noticed a vault guard
 13999 | D:14     | Noticed a vault guard
 13999 | D:14     | Noticed a vault guard
 14000 | D:14     | Noticed a vault guard
 14001 | D:14     | Noticed a vault guard
 14004 | D:14     | Noticed a vault guard
 14004 | D:14     | Noticed a vault guard
 14008 | D:14     | Killed a vault guard
 14009 | D:14     | Killed a vault guard
 14012 | D:14     | Killed a vault guard
 14012 | D:14     | Reached ***** piety under Yredelemnul
 14013 | D:14     | Killed a vault guard
 14013 | D:14     | Gained mutation: Your magical and physical power is slightly enhanced at high health. [demonic ancestry]
 14013 | D:14     | Reached XP level 13. HP: 97/102 MP: 20/20
 14019 | D:14     | Killed a vault guard
 14019 | D:14     | Reached skill level 1 in Evocations
 14025 | D:14     | Killed a vault guard
 14028 | D:14     | Killed a vault guard
 14032 | D:14     | Killed a vault guard
 14076 | D:14     | Found a gate to the Vaults.
 14213 | D:14     | Reached skill level 10 in Fighting
 14225 | D:14     | Noticed a salamander stormcaller
 14581 | Orc:1    | Entered Level 1 of the Orcish Mines
 14780 | Orc:1    | Reached skill level 10 in Armour
 14882 | Orc:1    | Noticed Erica
 14896 | Orc:1    | Killed Erica
 14958 | Orc:1    | Received a gift from Yredelemnul
 15160 | Orc:2    | Entered Level 2 of the Orcish Mines
 15386 | Orc:2    | Received a gift from Yredelemnul
 15417 | Orc:2    | Reached skill level 11 in Invocations
 15457 | Orc:2    | Reached skill level 10 in Polearms
 15473 | Orc:2    | Received a gift from Yredelemnul
 15558 | Orc:2    | Found a roughly hewn altar of Beogh.
 15619 | Orc:2    | Found Wettexaupp's Jewellery Shoppe.
 15664 | Orc:2    | Found Bidav's Book Boutique.
 15759 | Orc:2    | Received a gift from Yredelemnul
 15827 | Orc:2    | Found a staircase to the Elven Halls.
 15845 | Orc:2    | Noticed a stone giant
 15854 | Orc:2    | Killed a stone giant
 16136 | Elf:1    | Entered Level 1 of the Elven Halls
 16158 | Elf:1    | Received a gift from Yredelemnul
 16215 | Elf:1    | Noticed a deep elf death mage
 16219 | Elf:1    | Killed a deep elf death mage
 16219 | Elf:1    | Reached skill level 12 in Invocations
 16263 | Elf:1    | Found Kowu Modoz's Food Emporium.
 16320 | Elf:1    | Gained mutation: Your movements are less encumbered by armour (ER -4). [demonic ancestry]
 16320 | Elf:1    | Reached XP level 14. HP: 103/111 MP: 23/23
 16380 | Elf:1    | Found a magical portal.
 16383 | WizLab   | Entered Zonguldrok's Shrine
 16596 | WizLab   | Reached skill level 10 in Shields
 16610 | WizLab   | Noticed an ancient champion
 16625 | WizLab   | Killed an ancient champion
 16935 | WizLab   | Noticed an antique lich
 16943 | WizLab   | Killed an antique lich
 16986 | WizLab   | Identified the Almanac of Dislocation and Ice
 17774 | Elf:1    | You fall through a shaft!
 17781 | Elf:2    | Reached skill level 1 in Long Blades
 17801 | Elf:2    | Found a runed door.
 17802 | Elf:2    | Found a runed door.
 17810 | Elf:2    | Noticed Louise
 17837 | Elf:2    | Received a gift from Yredelemnul
 18062 | Elf:2    | Reached skill level 13 in Invocations
 18301 | Elf:2    | Killed Louise
 18319 | Elf:2    | Received a gift from Yredelemnul
 18423 | Elf:2    | Got a sparkling bone ring
 18482 | Elf:2    | Reached XP level 15. HP: 101/119 MP: 24/24
 18496 | Elf:2    | Received a gift from Yredelemnul
 18971 | Elf:2    | Upgraded the game from 0.18-a0-1211-g828307d to 0.18-a0-1225-g5d63bca
 19007 | Elf:2    | Noticed a deep elf sorcerer
 19010 | Elf:2    | Killed a deep elf sorcerer
 19629 | Elf:2    | Reached skill level 14 in Invocations
 19760 | Elf:2    | Reached skill level 5 in Long Blades
 19862 | Elf:3    | Entered Level 3 of the Elven Halls
 19880 | Elf:3    | Found Ofoditruikim's Food Boutique.
 19998 | Lair:1   | Entered Level 1 of the Lair of Beasts
 20700 | Lair:2   | Received a gift from Yredelemnul
 20702 | Lair:2   | Noticed Gastronok
 20714 | Lair:2   | Killed Gastronok
 20714 | Lair:2   | Enslaved Gastronok
 20765 | Lair:2   | Received a gift from Yredelemnul
 20908 | Lair:2   | Identified the ring of Hadach {-Tele rElec MR+ Int+3 Dex+3} (You found it on level 2 of the Elven Halls)
 21499 | Lair:3   | Received a gift from Yredelemnul
 21585 | Lair:3   | Found a staircase to the Snake Pit.
 21925 | Snake:1  | Entered Level 1 of the Snake Pit
 21981 | Snake:1  | Reached skill level 1 in Throwing
 21981 | Snake:1  | Reached skill level 1 in Unarmed Combat
 21981 | Snake:1  | Reached skill level 1 in Spellcasting
 21981 | Snake:1  | Gained mutation: You have claws for feet. [demonic ancestry]
 21981 | Snake:1  | Reached XP level 16. HP: 127/127 MP: 26/26
 21982 | Snake:1  | Reached XP level 17. HP: 133/133 MP: 27/27
 22063 | Snake:1  | Noticed Donald
 22076 | Snake:1  | Killed Donald
 22076 | Snake:1  | Enslaved Donald
 22450 | Snake:2  | Received a gift from Yredelemnul
 22486 | Snake:2  | Noticed Norris
 22501 | Snake:2  | Killed Norris
 22501 | Snake:2  | Enslaved Norris
 22626 | Snake:2  | Noticed Aizul
 22636 | Snake:2  | Killed Aizul
 22741 | Snake:2  | Reached skill level 15 in Invocations
 22826 | Snake:2  | Reached XP level 18. HP: 137/141 MP: 29/29
 22985 | Snake:2  | Noticed Nikola
 23021 | Snake:2  | Killed Nikola
 23366 | Snake:3  | Received a gift from Yredelemnul
 23367 | Snake:3  | Your ally Norris died
 23393 | Snake:3  | Found a flickering gateway to a bazaar.
 23397 | Snake:3  | Noticed Frances
 23407 | Snake:3  | Killed Frances
 23424 | Bazaar   | Entered a bazaar
 23424 | Bazaar   | Found Hefop's Distillery.
 23424 | Bazaar   | Found Fuarouph's General Store.
 23424 | Bazaar   | Found Anluohen's Antique Armour Emporium.
 23458 | Bazaar   | Found Agoviv's Antique Weapon Boutique.
 23477 | Bazaar   | Found Idikhlass's Jewellery Emporium.
 23512 | Bazaar   | Bought a potion of curing for 30 gold pieces
 23512 | Bazaar   | Bought a potion of resistance for 100 gold pieces
 23902 | Snake:4  | Entered Level 4 of the Snake Pit
 23916 | Snake:4  | Reached ****** piety under Yredelemnul
 24507 | Snake:4  | Reached skill level 16 in Invocations
 24866 | Snake:4  | Reached skill level 5 in Stealth
 24867 | Snake:4  | Received a gift from Yredelemnul
 24950 | Snake:4  | Got a serpentine rune of Zot
 24959 | Snake:4  | Gained mutation: You are resistant to hostile enchantments. [mutagenic meat]
 24960 | Snake:4  | Gained mutation: You have a pair of small antennae on your head. [mutagenic meat]
 25153 | Lair:4   | Found a shattered altar of Ashenzari.
 25205 | Lair:4   | Noticed Maud
 25222 | Lair:4   | Killed Maud
 25222 | Lair:4   | Enslaved Maud
 26048 | Lair:5   | Received a gift from Yredelemnul
 26107 | Lair:5   | Found a staircase to the Swamp.
 26231 | Lair:5   | Found a blossoming altar of Fedhas.
 26283 | Lair:5   | Noticed Nessos
 26292 | Lair:5   | Killed Nessos
 26365 | Lair:5   | Noticed Snorg
 26371 | Lair:5   | Killed Snorg
 26729 | Lair:6   | Received a gift from Yredelemnul
 27421 | Lair:7   | Reached XP level 19. HP: 149/149 MP: 31/31
 28179 | Lair:8   | Entered Level 8 of the Lair of Beasts
 28282 | Lair:8   | Received a gift from Yredelemnul
 28297 | Lair:8   | Found a staircase to the Slime Pits.
 28533 | Lair:8   | Found a runed door.
 28637 | Lair:8   | Received a gift from Yredelemnul
 28700 | Lair:8   | Received a gift from Yredelemnul
 28856 | Lair:8   | Received a gift from Yredelemnul
 28907 | Lair:8   | Received a gift from Yredelemnul
 29000 | Lair:8   | Received a gift from Yredelemnul
 29221 | Lair:8   | Received a gift from Yredelemnul
 29306 | Swamp:1  | Entered Level 1 of the Swamp
 30099 | Swamp:2  | Received a gift from Yredelemnul
 30412 | Swamp:3  | Received a gift from Yredelemnul
 30970 | Swamp:4  | Entered Level 4 of the Swamp
 31035 | Swamp:4  | Reached skill level 10 in Long Blades
 31143 | Swamp:4  | Received a gift from Yredelemnul
 31191 | Swamp:4  | Received a gift from Yredelemnul
 31195 | Swamp:4  | Reached skill level 17 in Invocations
 31288 | Swamp:4  | Got a decaying rune of Zot
 31403 | Swamp:4  | Noticed the 27-headed Lernaean hydra
 31408 | Swamp:4  | Received a gift from Yredelemnul
 31409 | Swamp:4  | Killed the 27-headed Lernaean hydra
 31961 | D:14     | Received a gift from Yredelemnul
 32289 | D:14     | Identified the Disquisition on Feathers (You found it on level 14 of the Dungeon)
 32352 | D:14     | Identified the Compendium of the Birds and Attacks
 32598 | Vaults:1 | Entered Level 1 of the Vaults
 32781 | Vaults:1 | Received a gift from Yredelemnul
 32989 | Vaults:1 | Received a gift from Yredelemnul
 33133 | Vaults:1 | Found Kesuifila's Jewellery Shoppe.
 33148 | Vaults:1 | Bought an uncursed ring of resist corrosion for 360 gold pieces
 33271 | Vaults:1 | Gained mutation: You regenerate health from kills. [demonic ancestry]
 33271 | Vaults:1 | Reached XP level 20. HP: 118/160 MP: 32/32
 33377 | D:12     | Received a gift from Yredelemnul
 33707 | Slime:1  | Entered Level 1 of the Pits of Slime
 33733 | Slime:1  | Received a gift from Yredelemnul
 33849 | Slime:2  | Received a gift from Yredelemnul
 33869 | Slime:2  | Received a gift from Yredelemnul
 33966 | Slime:3  | Received a gift from Yredelemnul
 34228 | Slime:6  | Entered Level 6 of the Pits of Slime
 34326 | Slime:6  | Gained mutation: Scrolls take you a little longer to read. [a shining eye]
 34355 | Slime:6  | Noticed the Royal Jelly
 34396 | Slime:6  | Killed the Royal Jelly
 34414 | Slime:6  | Slain by an azure jelly

Vault maps used:
D:1:      dpeg_arrival_caged_fury
D:2:      corexii_hall_statues_deadend, nicolae_dithmenos_through_a_glass_darkly
D:3:      nicolae_ashenzari_panopticon, first_bread, dk_yredelemnul_ordeal
D:4:      grunt_temple_overflow_magic_moments, minmay_temple_entry_junction,
          enter_ossuary_2, lemuel_tele_altar, uniq_robin, uniq_duvessa
D:5:      nicolae_overflow_crystal_walls, minmay_lizard_king
D:6:      basic_altar, hangedman_decor_peaks_small
D:7:      makhleb_altar_promises_db, grunt_gozag_statues, serial_shops, shop,
          shop, shop, nicolae_shop_behind_doors
D:8:      minitemple, lemuel_crystal_altar, serial_glass, glass_columns_c,
          glass_columns_a, hangedman_pestilent_swarm
D:9:      kennysheep_mini_moat, lair_0_dummy, minmay_misc_feat_alley
D:10:     orc_0_dummy
D:11:     hangedman_abyss_or_decor_stagger
D:12:     basic_altar, lab_entry_generic, hangedman_abyss_or_decor_lesser_grid,
          uniq_erolcha, uniq_fannar
D:13:     minmay_two_paths, serial_bayou, serial_bayou_crossing,
          serial_bayou_shore_a, serial_bayou_lagoon_a, serial_bayou_pond_e,
          portal_ice_cave_entry_ice_beasts, tso_metal_star
D:14:     minmay_stepped, erik_vaults_2, kennysheep_nub
Temple:   temple_of_Zot_orb
Lair:1:   grunt_megastairs_1, serial_bayou_shore_b
Lair:2:   grunt_megastairs_3, infiniplex_staircase_pool_2, uniq_gastronok
Lair:3:   dummy_snake_entry
Lair:4:   basic_altar, grunt_megastairs_4, serial_bayou_shore_b, uniq_maud
Lair:5:   swamp_mist_pool, basic_altar, infiniplex_staircase_pool, uniq_snorg,
          uniq_nessos
Lair:7:   special_room, grunt_megastairs_5
Lair:8:   wormcave, hangedman_lair_caniforms_friends,
          minmay_slime_entry_oklob_open
Swamp:1:  hangedman_swamp_pad
Swamp:2:  nicolae_swamp_stair_fork, swamp_pool1, uniq_kirke
Swamp:3:  serial_swamp_ruin, evilmike_swamp_ruin_rubble_1,
          hangedman_swamp_ruin_hall, evilmike_swamp_ruin_house_6
Swamp:4:  swamp_old_school, swamp_pool1, nicolae_swamp_fairy_circle
Snake:1:  abandoned_shop, uniq_donald
Snake:2:  uniq_norris, uniq_nikola, uniq_aizul, uniq_frances
Snake:3:  serial_shops, bzr_entry_dummy
Snake:4:  snake_pit_salamanders_mu, serial_shops, shop
Slime:3:  nicolae_slime_phagocytosis
Slime:4:  basic_altar
Orc:1:    uniq_erica
Orc:2:    st_orc_town
Elf:1:    minmay_elf_arrival_plus, mu_enter_wizlab_7, serial_shops, shop,
          minivault_19, dk_noncrumbling_2
Elf:2:    uniq_louise
Elf:3:    minmay_elf_hall_spiked, serial_shops, nicolae_shop_waterfront
Vaults:1: nicolae_vaults_quartermaster, v_misc_33, nicolae_vaults_shelves_hall,
          v_misc_29, nicolae_vaults_yaktaur_gun_rack,
          ontoclasm_vaults_decontamination, vaults_room_stairs_pillars,
          hangedman_vaults_maws, grunt_vaults_funnel, vaults_dpeg_diagonal,
          ontoclasm_vaults_gateway, ontoclasm_vaults_claustrophobia,
          nicolae_vaults_mini_display_case, serial_shops, shop
Lab:      labyrinth_hidden_loot
Bazaar:   bazaar_lake
IceCv:    ice_cave_small_demon
WizLab:   wizlab_zonguldrok

Action                   |  1- 3 |  4- 6 |  7- 9 | 10-12 | 13-15 | 16-18 | 19-21 || total
-------------------------+-------+-------+-------+-------+-------+-------+-------++-------
Melee: Trident           |   111 |   254 |   355 |   653 |       |       |       ||  1373
       Flail             |       |       |       |     9 |       |       |       ||     9
       Rod               |       |       |       |     1 |       |       |       ||     1
       Demon trident     |       |       |       |    34 |  1116 |   676 |   984 ||  2810
       Double sword      |       |       |       |       |    36 |       |       ||    36
Throw: Tomahawk          |       |       |       |       |     1 |       |       ||     1
Invok: Animate Dead      |       |       |       |     1 |    21 |    27 |    23 ||    72
       Drain Life        |       |       |       |       |     5 |     8 |     7 ||    20
       Enslave Soul      |       |       |       |       |     4 |     8 |     1 ||    13
       Recall Undead Sla |       |       |       |       |       |       |     1 ||     1
Evoke: Wand              |       |       |       |     3 |     2 |     1 |       ||     6
       Deck              |       |       |       |     1 |     7 |     7 |     2 ||    17
       Fan of gales      |       |       |       |       |     2 |       |     1 ||     3
  Use: Potion            |     2 |     2 |     6 |    12 |    16 |     1 |     6 ||    45
       Scroll            |       |       |     8 |    17 |    10 |     8 |    16 ||    59
 Stab: Distracted        |       |       |       |     2 |     7 |    18 |    18 ||    45
       Invisible         |       |       |       |     2 |       |       |       ||     2
       Paralysed         |       |       |       |       |       |     4 |     6 ||    10
       Confused          |       |       |       |       |       |       |     1 ||     1
  Eat: Beef jerky        |       |     1 |     1 |       |     1 |     2 |     2 ||     7
       Meat ration       |       |     1 |       |       |     3 |       |     2 ||     6
       Chunk             |       |       |    14 |    14 |     8 |    12 |     8 ||    56
       Pizza             |       |       |       |     3 |       |     2 |     1 ||     6
       Fruit             |       |       |       |     4 |     2 |     3 |     2 ||    11
       Royal jelly       |       |       |       |     3 |     5 |     4 |     5 ||    17
